 Dungeon Crawl Stone Soup version 0.29.1-2-gbd0b4ee654 (webtiles) character file.

Game seed: 6399649793808864288

4 GorkyZ the Stinger (level 1, -1/10 HPs)
             Began as a Gargoyle Venom Mage on Nov 23, 2022.
             Slain by a rat (3 damage)
             ... on level 1 of the Dungeon.
             The game lasted 00:02:47 (522 turns).

GorkyZ the Stinger (Gargoyle Venom Mage)             Turns: 522, Time: 00:02:48

Health: -1/10      AC:  4    Str: 11    XL:     1   Next: 70%
Magic:  0/3        EV: 12    Int: 15    God:
Gold:   0          SH:  0    Dex: 10    Spells: 3/4 levels left

rFire   . . .      SeeInvis .   (no weapon)
rCold   . . .      Faith    .   (no shield)
rNeg    + . .      Spirit   .   a - +0 robe
rPois   ∞          Reflect  .   (no helmet)
rElec   +          Harm     .   (no cloak)
rCorr   .          Rampage  .   (no gloves)
Will    .....                   (no boots)
Stlth   ++........              (no amulet)
HPRegen 0.03/turn               (no ring)
MPRegen 0.08/turn               (no ring)

@: no status effects
A: sickness immunity, AC +2, negative energy resistance 1, electricity
resistance, torment resistance 1, petrification resistance
a: no special abilities


You were on level 1 of the Dungeon.
You visited 1 branch of the dungeon, and saw 1 of its levels.

Inventory:

Armour
 a - a +0 robe (worn)
 d - a +4 scale mail of poison resistance
 e - a +0 buckler
Potions
 b - a potion of magic
 c - a potion of resistance {unknown}


   Skills:
 + Level 0.2 Armour
 + Level 1.6 Dodging
 - Level 2.2 Stealth
 + Level 0.2 Shields
 + Level 2.0 Spellcasting
 + Level 0.9 Transmutations
 + Level 3.0 Poison Magic


You had 3 spell levels left.
You knew the following spells:

 Your Spells              Type           Power      Damage    Failure   Level
a - Sting                 Tmut/Pois      28%        1d4       10%         1

Your spell library contained the following spells:

 Spells                   Type           Power      Damage    Failure   Level
 Poisonous Vapours        Pois/Air       12%        N/A       19%         2
 Mephitic Cloud           Conj/Pois/Air  4%         N/A       41%         3
 Olgreb's Toxic Radiance  Pois           10%        N/A       54%         4


Dungeon Overview and Level Annotations

Branches:
Dungeon (1/15)

Altars:


Innate Abilities, Weirdness & Mutations

You are immune to sickness and miasma.
Your stone body is resilient. (AC +2)
You are immune to poison.
You resist negative energy. (rN+)
You are resistant to electric shocks. (rElec)
You are resistant to unholy torment.
You are immune to petrification.


Message History

You see here a quokka corpse.
You see here a quokka corpse.
There is an open door here.
There is a stone staircase leading down here.
There is an open door here.
Found a buckler.
Found a pair of boots.
A rat comes into view.
An endoplasm comes into view.
The endoplasm quivers.
The endoplasm closely misses you.
The sting hits the endoplasm.
The endoplasm partially resists.
The endoplasm is poisoned.
The endoplasm is moderately wounded.
The endoplasm freezes you.
You are frozen.
The sting hits the endoplasm but does no damage.
The endoplasm looks even sicker.
The endoplasm is moderately wounded.
The endoplasm hits you but does no damage.
The sting hits the endoplasm.
The endoplasm looks even sicker.
The endoplasm is almost dead.
You kill the endoplasm!
The rat twitches its whiskers.
The rat bites you but does no damage.
You hit the rat but do no damage.
You hear a shout!
The rat bites you.
You barely miss the rat. The rat bites you but does no damage.
You hit the rat but do no damage. The rat misses you.
A kobold comes into view. It is wielding a +0 club.
You hit the rat.
The rat is heavily wounded.
The rat bites you.
* * * LOW HITPOINT WARNING * * *
The kobold throws a stone.
The stone misses you.
You completely miss the rat.
The rat is heavily wounded.
The rat bites you.
You die...

# ###.##.## #+# #.
.......# #.# #..
......# #.# #..#
..##.# ##.#####
#...#
##K.#.###.......
#...r##...#.##.....#
#@..#.#.###..[.#
#.#.............#
...##.########.###
###. #.# #.# ## ..#
#.# #### #.# #.# #.#
### ### #.#


You could see a kobold and a rat.

Vanquished Creatures
  2 endoplasms (D:1)
  A quokka (D:1)
  A rat (D:1)
4 creatures vanquished.

Notes
Turn   | Place    | Note
-------+----------+-------------------------------------------
     0 | D:1      | GorkyZ the Gargoyle Venom Mage began the quest for the Orb.
     0 | D:1      | Reached XP level 1. HP: 10/10 MP: 3/3
   522 | D:1      | Slain by a rat

Illustrated notes

Levels and vault maps discovered:
D:1:      dpeg_arrival_rhombi, layout_loops_corners,
          hellmonk_ecumenical_altar_lost_god, chequers_serial_rivers_micro_c,
          minmay_tetromino_s4

Action                   || total
-------------------------++-------
Melee: Unarmed           ||     9
 Cast: Sting             ||     9
Armor: Robe              ||     3
Dodge: Dodged            ||     9
